Map: Frozen Temple

Players

Livo

  • Race: Terran Terran
  • League: Diamond

Voodoochilli - Winner!

  • Race: Terran Terran
  • League: Platinum

VOD

Have the link to the VOD?

Description

Time

  • Played on: Aug. 29, 2016, 2:03 p.m.
  • Length: 8:33
Show
View Real Time Build Order
Export as new Build Order

Livo Terran 

Build Orders: Reaper Expand, MMM Bio 

Get SALT Encoding   

  12  0:02  SCV  
  13  0:14  SCV  
  13  0:18  Supply Depot  
  14  0:26  SCV  
  15  0:39  SCV  
  15  0:42  Barracks  
  16  0:45  Refinery  
  16  0:52  SCV  
  17  1:04  SCV  
  18  1:14  Supply Depot  
  18  1:16  SCV  
  19  1:35  Reaper, Orbital Command  
  20  1:50  Command Center  
  20  2:01  SCV, Supply Depot  
  20  2:07  Marine  
  22  2:13  Factory  
  22  2:17  SCV  
  23  2:23  Refinery  
  23  2:29  Barracks Tech Lab  
  24  2:30  SCV  
  24  2:42  SCV  
  25  2:50  Stimpack, Marine  
  26  2:54  SCV  
  27  3:00  Factory Tech Lab  
  27  3:02  Orbital Command  
  27  3:04  Refinery  
  27  3:06  SCV  
  27  3:08  Marine  
  29  3:14  Starport  
  29  3:19  SCV  
  30  3:26  Marine  
  31  3:31  SCV  
  31  3:32  SCV  
  31  3:33  Cyclone  
  37  3:43  SCV  
  37  3:44  SCV  
  37  3:47  Marine  
  40  3:53  Starport Reactor  
  40  3:55  SCV  
  41  3:56  SCV  
  41  4:01  Supply Depot  
  42  4:07  SCV, Marine  
  42  4:08  SCV  
  45  4:19  SCV  
  45  4:23  Supply Depot, Siege Tank  
  45  4:24  SCV  
  50  4:29  Marine  
  50  4:31  Supply Depot, Medivac  
  53  4:34  SCV  
  54  4:39  Engineering Bay  
  54  4:45  SCV, Medivac  
  57  4:46  Marine  
  57  4:47  SCV  
  59  4:55  Supply Depot  
  59  4:57  SCV  
  59  4:59  SCV, Supply Depot  
  61  5:04  Marine  
  62  5:09  Siege Tank  
  62  5:11  Medivac  
  66  5:22  Marine  
  58  5:40  Marine  
  58  5:42  SCV  
  56  5:43  SCV  
  51  5:52  Medivac, Siege Tank  
  51  5:53  Medivac  
  51  5:54  SCV  
  51  5:55  SCV  
  57  5:58  Marine  
  53  6:06  SCV  
  53  6:07  SCV  
  55  6:15  Marine  
  56  6:19  SCV x2  
  58  6:31  SCV x2  
  60  6:33  Marine  
  56  6:43  SCV x2  
  56  6:45  Refinery  
  58  6:51  Marine  
  58  6:53  Command Center  
  59  6:54  Barracks  
  59  6:56  Combat Shields  
  59  6:57  Barracks  
  59  7:04  Medivac  
  61  7:09  Marine  
  62  7:18  Missile Turret  
  62  7:19  Missile Turret  
  62  7:21  Viking  
  63  7:27  Marine  
  62  7:30  SCV x2  
  59  7:42  SCV  
  59  7:43  SCV  
  57  7:45  Marine  
  52  7:54  SCV  
  52  7:55  SCV  
  54  8:02  Marine  
  52  8:07  SCV  
  48  8:21  SCV x2  
Show
View Real Time Build Order
Export as new Build Order

Voodoochilli Terran - Winner!

Build Orders: Hellion Banshee 

Get SALT Encoding   

  12  0:01  SCV  
  13  0:13  SCV  
  14  0:20  Supply Depot  
  14  0:25  SCV  
  15  0:34  Refinery  
  15  0:41  SCV  
  16  0:45  Barracks  
  16  0:53  SCV  
  17  1:05  SCV  
  18  1:18  SCV  
  19  1:36  Marine  
  20  1:42  Factory, Supply Depot  
  20  1:43  Orbital Command  
  20  1:47  Refinery  
  20  1:54  Marine  
  21  2:09  Supply Depot  
  21  2:11  SCV  
  22  2:19  Barracks Reactor  
  22  2:30  Starport  
  22  2:37  SCV  
  23  3:06  Barracks Tech Lab, Engineering Bay  
  23  3:15  SCV  
  23  3:16  Command Center  
  23  3:19  Hellion x2  
  29  3:27  SCV  
  29  3:39  SCV  
  29  3:41  Missile Turret  
  30  3:42  Banshee  
  30  3:43  Cloaking Field  
  33  3:55  Marine  
  33  3:58  Hellion x2  
  33  4:01  SCV  
  39  4:10  Supply Depot  
  39  4:14  SCV  
  38  4:26  SCV  
  38  4:28  Hellion x2  
  38  4:29  Supply Depot  
  43  4:38  SCV, Orbital Command  
  44  4:45  Banshee  
  44  4:50  SCV  
  48  5:02  SCV, Missile Turret  
  50  5:07  SCV  
  50  5:15  SCV  
  50  5:19  SCV  
  48  5:31  SCV  
  47  5:39  Hellion x2  
  46  5:55  Banshee  
  49  6:00  Hellion  
  49  6:01  Hellion  
  51  6:32  Hellion x2  
  51  6:38  Banshee  
  48  6:43  SCV  
  49  6:53  Hellion  
  51  6:56  Marine  
  51  6:59  Hellion  
  51  7:00  Barracks  
  54  7:03  Barracks x2  
  54  7:04  Missile Turret  
  54  7:05  Missile Turret  
  54  7:10  SCV  
  54  7:12  SCV  
  54  7:13  Supply Depot  
  54  7:15  Hellion  
  58  7:21  Banshee  
  61  7:28  Widow Mine  
  63  7:36  Hellion  
  58  7:49  Marine  
  54  7:57  Widow Mine x2  
  50  8:22  Missile Turret  
Tags
 
Add a new tag
Caveats
  • Supply blocks, unpowered buildings, or Contaminate may cause inaccurate times.
  • Supply counts are checked every 10 seconds.